 Dungeon Crawl Stone Soup version 0.22.1-6-g1668fe2 (webtiles) character file.

5218 doot the Scholar of Death (level 10, -8/71 HPs)
             Began as a Demonspawn Necromancer on Jan 28, 2019.
             Was a Follower of Kikubaaqudgha.
             Mangled by an earth elemental (28 damage)
             ... in a volcano.
             The game lasted 00:33:46 (11434 turns).

doot the Scholar of Death (Demonspawn Necromancer) Turns: 11434, Time: 00:33:47

Health: -8/71      AC:  6    Str:  8    XL:     10   Next: 35%
Magic:  19/19      EV: 17    Int: 25    God:    Kikubaaqudgha [*.....]
Gold:   575        SH:  0    Dex: 14    Spells: 9/23 levels left

rFire    + + .     SeeInvis +   u - +1 trident "Tisiokeq" {venom, *Drain rF+ MR+ Int+3}
rCold    + + .     Gourm    .   (no shield)
rNeg     . . .     Faith    .   I - +0 robe {MR+}
rPois    +         Spirit   .   h - +0 helmet
rElec    +         Reflect  .   C - +0 cloak
rCorr    +         Harm     .   (no gloves)
MR       ++...                  (boots unavailable)
Stlth    +++.......             (no amulet)
HPRegen  0.21/turn              s - ring of see invisible
MPRegen  0.16/turn              i - +3 ring of evasion

@: resistant, hasted, very quick
A: talons 3, thin metallic scales 1, clever 1, cold resistance 1, demonic
guardian 1, low mp 1
a: Receive Corpses, Renounce Religion


You were in a volcano.
You worshipped Kikubaaqudgha.
Kikubaaqudgha was aware of your devotion.
You were not hungry.

You visited 3 branches of the dungeon, and saw 12 of its levels.
You also visited: Ossuary and Volcano.

You collected 575 gold pieces.

Inventory:

Hand Weapons
 a - the +10 hunting sling "Veggiy" {venom, +Fly rF- Dex+2}
   (You found it on level 4 of the Dungeon)

   It poisons the ammo it fires.
   It affects your dexterity (+2).
   It makes you vulnerable to fire.
   It lets you fly.
 b - a +3 quarterstaff of chaos
 j - a +0 dagger
 u - the +1 trident "Tisiokeq" (weapon) {venom, *Drain rF+ MR+ Int+3}
   (You found it on level 4 of the Dungeon)

   It poisons the flesh of those it strikes.
   It affects your intelligence (+3).
   It protects you from fire.
   It affects your resistance to hostile enchantments.
   It causes draining when unequipped.
Missiles
 x - 50 sling bullets
 F - 242 stones (quivered)
Armour
 h - a +0 helmet (worn)
 v - a +0 robe
 z - a scarf of repulsion
 C - a +0 cloak (worn)
 I - a +0 robe of magic resistance (worn)
Magical Staves
 w - an uncursed staff of cold
Jewellery
 e - a +2 ring of intelligence
 i - a +3 ring of evasion (right hand)
 s - a ring of see invisible (left hand)
 L - an uncursed ring of fire {unknown}
Wands
 q - a wand of flame (32)
 r - a wand of polymorph (19)
 H - a wand of iceblast (8)
 K - a wand of digging (10)
Scrolls
 d - 15 scrolls of identify
 l - 2 scrolls of enchant armour {unknown}
 o - 4 scrolls of magic mapping
 p - 3 scrolls of teleportation {unknown}
 t - 5 scrolls of amnesia {unknown}
 y - 6 scrolls of remove curse
 A - 5 scrolls of enchant weapon {unknown}
 D - 2 scrolls of fog {unknown}
 E - a scroll of immolation {unknown}
 J - a scroll of noise {unknown}
Potions
 f - 14 potions of curing
 g - a potion of brilliance
 k - a potion of haste
 m - a potion of mutation
 B - a potion of cancellation
 G - 2 potions of ambrosia {unknown}
Comestibles
 c - 14 rations


   Skills:
 + Level 3.9 Fighting
 + Level 0.1 Short Blades
 + Level 2.1(3.3) Polearms
 + Level 4.0(4.2) Staves
 + Level 6.6 Slings
 + Level 3.6 Dodging
 + Level 4.0 Stealth
 + Level 7.4 Spellcasting
 + Level 1.2 Charms
 + Level 8.8 Necromancy


You had 9 spell levels left.
You knew the following spells:

 Your Spells              Type           Power        Failure   Level  Hunger
a - Pain                  Necr           ####         1%          1    None
b - Animate Dead          Necr           N/A          1%          4    ###....
c - Vampiric Draining     Necr           ######....   1%          3    None
d - Regeneration          Chrm/Necr      ####......   2%          3    None
e - Animate Skeleton      Necr           N/A          1%          1    None
f - Corpse Rot            Necr           N/A          1%          2    None

Your spell library contained the following spells:

 Spells                   Type           Power        Failure   Level  Hunger
 Sublimation of Blood     Necr           ######....   1%          2    None
 Confusing Touch          Hex            #.....       6%          1    None
 Confuse                  Hex            #.......     19%         3    None
 Gell's Gravitas          Tloc           #.........   19%         3    None
 Petrify                  Tmut/Erth      #.......     54%         4    ###....
 Metabolic Englaciation   Hex/Ice        #.........   87%         5    #####..
 Yara's Violent Unravell  Hex/Tmut       #.........   87%         5    #####..


Dungeon Overview and Level Annotations

Branches:
Dungeon (10/15)            Temple (1/1) D:7            Lair (1/6) D:9
    Orc: D:9-12

Altars:
Ashenzari
Cheibriados
Dithmenos
Fedhas
Gozag
Hepliaklqana
Kikubaaqudgha
Makhleb
Nemelex Xobeh
Okawaru
Qazlal
Ru
Sif Muna
Trog
Uskayaw
Vehumet
Wu Jian
Xom
Yredelemnul
Zin
The Shining One

Annotations:
D:7 Menkaure


Innate Abilities, Weirdness & Mutations

You have claws for feet.
You are partially covered in thin metallic scales. (AC +2)
A weak demonic guardian rushes to your aid.
Your mind is acute. (Int +2)
Your flesh is cold resistant. (rC+)
Your magical capacity is low. (-10% MP)


Message History

The earth elemental closely misses you.
You hit the earth elemental.
The earth elemental is lightly damaged.
You hit the earth elemental but do no damage.
The earth elemental is lightly damaged.
Your iron imp hits the earth elemental but does no damage.
You hit the earth elemental but do no damage.
You claw the earth elemental, but do no damage.
The earth elemental is lightly damaged.
The earth elemental hits you!!
* * * LOW HITPOINT WARNING * * *
Unknown command.
Your iron imp hits the earth elemental.
Unknown command.
Unknown command.
It was a potion of resistance.
You feel protected. The earth elemental hits you!!
You die...
Kikubaaqudgha rasps: "You have failed me!
Welcome... death!"

###.## ..##
##≈...###...###
#≈≈....#§.≈...#
#≈..∩.§+.≈≈≈..#
#≈≈...##≈≈≈≈≈≈R
#≈≈...##R§§≈≈##
#≈≈...###§§###
#≈..∩.5E####
#≈≈...@#.#
##≈...## E9
##..## .# ### #


You could see an earth elemental, an efreet and a friendly iron imp.

Vanquished Creatures
  A two-headed ogre (D:8)
  Pikel (D:9)
  An efreet (Volcano)
  Prince Ribbit (D:7)
  A porcupine (Lair:1)
  A water moccasin (Lair:1)
  2 sky beasts
  2 phantoms
  A slave (D:9)
  3 ogres
  4 centaurs
  A crocodile (Lair:1)
  4 bullfrogs
  A scorpion (D:9)
  2 electric eels (D:8)
  2 howler monkeys
  4 crimson imps
  A human zombie (Ossuary)
  3 quasits
  A bullfrog zombie (D:5)
  2 orc priests
  3 bullfrog skeletons
  2 hounds (D:5)
  4 jellies
  Crazy Yiuf (D:6)
  3 orc wizards
  A centaur skeleton (D:5)
  2 iguanas (D:7)
  7 worker ants
  A killer bee zombie (D:7)
  4 mummies (Ossuary)
  A hound skeleton (D:5)
  11 adders
  6 gnolls
  A worker ant zombie (D:5)
  2 shadow imps (D:5)
  2 oozes
  2 adder zombies
  A worm (D:5)
  A dart slug (D:2)
  4 leopard geckos
  27 orcs
  2 ball pythons (D:1)
  7 giant cockroaches
  9 goblins
  8 hobgoblins
  20 jackals
  A quokka (D:8)
  10 bats
  7 frilled lizards
  2 gnoll zombies (Ossuary)
  2 hobgoblin zombies (Ossuary)
  2 jackal zombies (Ossuary)
  10 kobolds
  2 kobold zombies (Ossuary)
  A leopard gecko skeleton (D:3)
  4 rats
  2 rat zombies (Ossuary)
214 creatures vanquished.

Vanquished Creatures (collateral kills)
  A two-headed ogre (D:8)
  A basilisk (Lair:1)
  A crocodile (Lair:1)
  2 hounds (D:4)
  A bullfrog skeleton (D:4)
  A centaur skeleton (D:4)
  An iguana (D:8)
  3 orcs
  2 giant cockroaches
  3 jackals
16 creatures vanquished.

Grand Total: 230 creatures vanquished

Notes
Turn   | Place    | Note
-------+----------+-------------------------------------------
     0 | D:1      | doot the Demonspawn Necromancer began the quest for the
                  | Orb.
     0 | D:1      | Reached XP level 1. HP: 13/13 MP: 3/3
   475 | D:1      | Gained mutation: You have sharp toenails. [demonic
                  | ancestry]
   475 | D:1      | Reached XP level 2. HP: 16/19 MP: 0/5
  1075 | D:1      | Reached XP level 3. HP: 23/24 MP: 4/6
  1443 | D:2      | Found a shattered altar of Ashenzari.
  1466 | D:2      | Reached skill level 5 in Necromancy
  2991 | D:3      | Gained mutation: You are partially covered in thin metallic
                  | scales. (AC +2) [demonic ancestry]
  2991 | D:3      | Reached XP level 4. HP: 25/30 MP: 4/8
  2997 | D:3      | Learned a level 4 spell: Animate Dead
  3835 | D:2      | Reached XP level 5. HP: 21/35 MP: 0/10
  3942 | D:2      | Learned a level 3 spell: Vampiric Draining
  4490 | D:4      | Got an iridescent trident
  4491 | D:4      | Identified the cursed +1 trident "Tisiokeq" {venom, *Drain
                  | rF+ MR+ Int+3} (You found it on level 4 of the Dungeon)
  4543 | D:4      | Reached skill level 6 in Necromancy
  4602 | D:4      | Found a burning altar of Makhleb.
  4609 | D:4      | Reached XP level 6. HP: 28/42 MP: 7/12
  4617 | D:4      | Got an ebony hunting sling
  4618 | D:4      | Identified the +10 hunting sling "Veggiy" {venom, +Fly rF-
                  | Dex+2} (You found it on level 4 of the Dungeon)
  4644 | D:4      | Found a sand-covered staircase.
  4662 | Ossuary  | Entered an ossuary
  4722 | Ossuary  | Gained mutation: You are covered in fur. (AC +1) [potion of
                  | mutation]
  4722 | Ossuary  | Gained mutation: Your body sometimes deteriorates upon
                  | taking damage. [potion of mutation]
  4722 | Ossuary  | Gained mutation: Your skin changes colour to match your
                  | surroundings (Stealth+). [potion of mutation]
  4722 | Ossuary  | Gained mutation: You are resistant to electric shocks.
                  | (rElec) [potion of mutation]
  4734 | Ossuary  | HP: 2/42 [human zombie (6)]
  4737 | Ossuary  | Reached skill level 1 in Polearms
  5939 | D:5      | Entered Level 5 of the Dungeon
  6071 | D:5      | Reached skill level 1 in Fighting
  6077 | D:5      | Reached skill level 1 in Slings
  6202 | D:5      | Found a shadowy altar of Dithmenos.
  6212 | D:5      | Gained mutation: You have razor-sharp toenails. [demonic
                  | ancestry]
  6212 | D:5      | Reached XP level 7. HP: 48/48 MP: 13/13
  6259 | D:5      | Learned a level 3 spell: Regeneration
  6390 | D:5      | Learned a level 1 spell: Animate Skeleton
  6794 | D:6      | Lost mutation: Your body sometimes deteriorates upon taking
                  | damage. [potion of mutation]
  6794 | D:6      | Lost mutation: You are resistant to electric shocks.
                  | (rElec) [potion of mutation]
  6794 | D:6      | Lost mutation: You are covered in fur. (AC +1) [potion of
                  | mutation]
  6794 | D:6      | Lost mutation: Your skin changes colour to match your
                  | surroundings (Stealth+). [potion of mutation]
  6794 | D:6      | Gained mutation: Your mind is acute. (Int +2) [potion of
                  | mutation]
  6794 | D:6      | Gained mutation: Your magical capacity is low. (-10% MP)
                  | [potion of mutation]
  6794 | D:6      | Gained mutation: You have claws for feet. [potion of
                  | mutation]
  6794 | D:6      | Gained mutation: Your flesh is cold resistant. (rC+)
                  | [potion of mutation]
  6913 | D:6      | Reached XP level 8. HP: 18/54 MP: 7/13
  7243 | D:6      | Reached skill level 5 in Spellcasting
  7356 | D:6      | Found a runed door.
  7360 | D:6      | Noticed Crazy Yiuf
  7363 | D:6      | Killed Crazy Yiuf
  7363 | D:6      | Reached skill level 1 in Charms
  7631 | D:6      | Found a bloodstained altar of Trog.
  7635 | D:6      | Reached skill level 7 in Necromancy
  8020 | D:7      | Reached skill level 1 in Staves
  8116 | D:7      | Noticed Menkaure
  8173 | D:7      | Noticed Prince Ribbit
  8182 | D:7      | Killed Prince Ribbit
  8236 | D:7      | Reached XP level 9. HP: 41/61 MP: 16/16
  8457 | D:7      | Reached skill level 5 in Slings
  8873 | D:7      | Found a staircase to the Ecumenical Temple.
  8939 | D:7      | Found a shadowy altar of Dithmenos.
  8939 | D:7      | Found a hazy altar of Hepliaklqana.
  9008 | Temple   | Entered the Ecumenical Temple
  9018 | Temple   | Became a worshipper of Kikubaaqudgha
  9441 | D:8      | Noticed a two-headed ogre
  9455 | D:8      | Killed a two-headed ogre
  9617 | D:8      | Noticed a two-headed ogre
  9644 | D:8      | Killed a two-headed ogre
  9644 | D:8      | Reached skill level 8 in Necromancy
  9928 | D:8      | Reached * piety under Kikubaaqudgha
  9928 | D:8      | Identified Kikubaaqudgha's Collected Works on Dark Rites
                  | (Kikubaaqudgha gifted it to you on level 8 of the Dungeon)
  9928 | D:8      | Received a gift from Kikubaaqudgha
  9935 | D:8      | Learned a level 2 spell: Corpse Rot
  9949 | D:8      | HP: 3/65 [electric eel/bolt of electricity (7)]
  9956 | D:8      | Gained mutation: A weak demonic guardian rushes to your
                  | aid. [demonic ancestry]
  9956 | D:8      | Reached XP level 10. HP: 5/71 MP: 15/18
 10410 | D:9      | Noticed Pikel
 10533 | D:9      | Found a staircase to the Lair.
 10730 | D:9      | Killed Pikel
 10897 | D:10     | Entered Level 10 of the Dungeon
 11088 | Lair:1   | Entered Level 1 of the Lair of Beasts
 11239 | Lair:1   | Noticed a black mamba
 11391 | Lair:1   | Found a dark tunnel.
 11400 | Volcano  | Entered a volcano
 11415 | Volcano  | Noticed a molten gargoyle
 11434 | Volcano  | Mangled by an earth elemental

Skill      XL: |  1  2  3  4  5  6  7  8  9 10 |
---------------+-------------------------------+-----
Necromancy     | 5 6 7 8 |  8.8
Spellcasting   | 3 4 6 7 |  7.4
Stealth        | 2 3 4 |  4.0
Dodging        | 2 3 |  3.6
Polearms       | 2 |  2.1
Fighting       | 1 2 3 |  3.9
Slings         | 1 3 4 6 |  6.6
Charms         | 1 |  1.2
Staves         | 1 3 4 |  4.0
Short Blades   | |  0.1

Action                   |  1- 3 |  4- 6 |  7- 9 | 10-12 || total
-------------------------+-------+-------+-------+-------++-------
Melee: Unarmed           |     2 |       |       |       ||     2
       Kick              |     2 |    36 |     9 |    10 ||    57
       Dagger            |     3 |    25 |       |       ||    28
       Trident           |       |   102 |       |    12 ||   114
       Quarterstaff      |       |       |    27 |    33 ||    60
 Fire: Hunting sling     |       |    29 |   166 |    27 ||   222
 Cast: Pain              |    89 |    74 |    46 |    14 ||   223
       Animate Dead      |       |    12 |    14 |     6 ||    32
       Regeneration      |       |       |     3 |     7 ||    10
  Use: Scroll            |       |     4 |       |       ||     4
       Potion            |       |     3 |     1 |     4 ||     8
 Stab: Sleeping          |       |     2 |       |     2 ||     4
       Distracted        |       |       |       |     1 ||     1
       Confused          |       |       |       |     1 ||     1
  Eat: Chunk             |     4 |     1 |     7 |       ||    12
       Ration            |     1 |     3 |     2 |     2 ||     8
Armor: Robe              |    15 |    58 |    18 |     9 ||   100
       Skin              |       |     7 |       |       ||     7
Dodge: Dodged            |    40 |   168 |    78 |    38 ||   324
       Deflected         |       |       |     3 |       ||     3
